 Dungeon Crawl Stone Soup version 0.26-a0-739-gf55cbd344a (webtiles) character file.

Game seed: 5257369725420479199

2648 mg7810 the Chopper (level 9, -2/74 HPs)
             Began as a Red Draconian Delver on Nov 5, 2020.
             Was a Believer of Nemelex Xobeh.
             Slain by Joseph
             ... wielding a +0 quarterstaff
              (11 damage)
             ... on level 7 of the Dungeon on Nov 6, 2020.
             The game lasted 00:29:04 (7307 turns).

mg7810 the Chopper (Red Draconian Delver)           Turns: 7307, Time: 00:29:04

Health: -2/74      AC: 11    Str: 18    XL:     9   Next: 36%
Magic:  12/12      EV: 14    Int: 11    God:    Nemelex Xobeh [**....]
Gold:   283        SH:  0    Dex: 12    Spells: 11/12 levels left

rFire    + . .     SeeInvis .   a - +0 hand axe
rCold    . . .     Faith    .   (no shield)
rNeg     . . .     Spirit   .   (armour unavailable)
rPois    .         Reflect  .   (helmet restricted)
rElec    .         Harm     .   x - +0 cloak
rCorr    .         Rampage  .   w - +2 pair of gloves
MR       .....                  (no boots)
Stlth    +++.......             (no amulet)
HPRegen  0.22/turn              (no ring)
MPRegen  0.13/turn              (no ring)

@: no status effects
A: breathe fire, unfitting armour, fire resistance 1, cold-blooded, AC +7
a: Breathe Fire, Draw Escape, Draw Destruction, Draw Summoning, Renounce
Religion


You were on level 7 of the Dungeon.
You worshipped Nemelex Xobeh.
Nemelex Xobeh was pleased with you.
You visited 1 branch of the dungeon, and saw 7 of its levels.

You collected 283 gold pieces.

Inventory:

Hand Weapons
 a - a +0 hand axe (weapon)
Missiles
 t - 12 poisoned darts (quivered)
Armour
 w - a +2 pair of gloves (worn)
 x - a +0 cloak (worn)
Jewellery
 i - a cursed ring of teleportation {unknown}
Wands
 c - a wand of disintegration (3)
 f - a wand of digging (3)
Scrolls
 b - a scroll of fog
 d - 3 scrolls of teleportation
 e - 2 scrolls of random uselessness {unknown}
 g - a scroll of enchant weapon {unknown}
 h - a scroll of magic mapping
 k - 5 scrolls of identify
 m - a scroll of immolation {unknown}
 n - 5 scrolls of remove curse
 q - a scroll of amnesia {unknown}
 s - a scroll of blinking {unknown}
 v - a scroll of enchant armour {unknown}
Potions
 o - 2 potions of might
 r - a potion of brilliance
 u - a potion of lignification {unknown}


   Skills:
 + Level 5.4 Fighting
 + Level 6.3 Axes
 + Level 2.7 Throwing
 + Level 4.6 Dodging
 + Level 5.9 Stealth
 + Level 3.5 Unarmed Combat
 * Level 2.3 Spellcasting
 * Level 2.3 Summonings
 + Level 4.2 Invocations
 + Level 3.6 Evocations


You had 11 spell levels left.
You knew the following spells:

 Your Spells              Type           Power        Failure   Level
a - Summon Small Mammal   Summ           #...         11%         1

Your spell library contained the following spells:

 Spells                   Type           Power        Failure   Level
 Animate Skeleton         Necr           #.....       28%         1
 Apportation              Tloc           #.....       28%         1
 Corona                   Hex            #......      28%         1


Dungeon Overview and Level Annotations

Branches:
Dungeon (7/15)
 Temple: D:4-7

Altars:
Ashenzari
Cheibriados
Gozag
Makhleb
Nemelex Xobeh
Sif Muna
Trog
Wu Jian
Xom
Zin

Shops:
D:5 *

Annotations:
D:7 Joseph


Innate Abilities, Weirdness & Mutations

You can breathe blasts of fire.
Your fiery red scales are hard. (AC +7)
You cannot fit into any form of body armour.
Your flesh is heat resistant. (rF+)
You are cold-blooded and may be slowed by cold attacks.


Message History

You see here 2 sling bullets.
Evoke which item? (* to show all) (? for menu, Esc to quit)
Aiming: Disintegrate
Press: ? - help, Shift-Dir - straight line, f - Joseph
Aim: Joseph, wielding a +0 hunting sling, wearing a +0 leather armour and quivering 18 sling bullets (chance to defeat MR: 64%) Joseph is blasted.
Joseph shoots a sling bullet.
The sling bullet closely misses you.
You draw a card...
You have drawn Pain.
Press: ? - help, Shift-Dir - straight line, f/p - Joseph
Aim: Joseph, wielding a +0 hunting sling, wearing a +0 leather armour and quivering 17 sling bullets (lightly wounded) Joseph convulses!
Joseph shoots a sling bullet.
The sling bullet hits you!
* * * LOW HITPOINT WARNING * * *
Items here: )) [ ÷.
You hit Joseph. You tail-slap Joseph.
Joseph is severely wounded.
Joseph unwields a +0 hunting sling.
Joseph wields a +0 quarterstaff.
Joseph hits you with a +0 quarterstaff!
You die...
Your body glows with a rainbow of weird colours and disappears.

### ##### .... ##...###....
#((<......... #†...........
##### ####...........
#())####((#(........#.##...
#†)).#.#(.@@........#.(....
##).......##........#......
##.........#÷(...........^.
#....))....#))....####.....
#...))..÷...........##.....
##...#...............#.....
#....#))......##.....)>....
#..............#..)...†.....
#......#.......##.......#....


You could see Joseph.

Vanquished Creatures
  Pikel (D:7)
  The ghost of Alkarl the Poker, an amateur MfFi (D:4)
  The ghost of pigah the Magician, an amateur DrWn (D:4)
  A steam dragon (D:7)
  Menkaure (D:5)
  A necrophage (D:4)
  An ice beast (D:6)
  An ogre (D:6)
  A centaur (D:7)
  2 bullfrogs
  10 scorpions
  3 killer bees (D:7)
  A bullfrog zombie (D:6)
  A jelly (D:7)
  Crazy Yiuf (D:6)
  2 orc wizards
  3 worker ants
  2 gnolls (D:7)
  12 adders
  A white imp (D:5)
  5 oozes
  2 worms (D:3)
  2 dart slugs
  3 leopard geckos
  10 orcs
  4 giant cockroaches
  11 hobgoblins
  4 jackals
  10 kobolds
  2 quokkas (D:3)
  A ball python (D:1)
  12 bats
  9 frilled lizards
  5 goblins
  A quokka zombie (D:6)
  7 rats
135 creatures vanquished.

Vanquished Creatures (collateral kills)
  Grinder (D:4)
  A hound (D:4)
  A frilled lizard (D:4)
3 creatures vanquished.

Vanquished Creatures (others)
  13 fungi (D:5)
13 creatures vanquished.

Grand Total: 151 creatures vanquished

Notes
Turn   | Place    | Note
-------+----------+-------------------------------------------
     0 | D:5      | mg7810 the Draconian Delver began the quest for the Orb.
     0 | D:5      | Reached XP level 1. HP: 19/19 MP: 1/1
    17 | D:4      | Noticed a necrophage
    17 | D:4      | Noticed a hound
   326 | D:3      | Found a snail-covered altar of Cheibriados.
   341 | D:3      | Reached XP level 2. HP: 22/26 MP: 2/2
   478 | D:3      | Reached XP level 3. HP: 15/31 MP: 3/3
   821 | D:2      | Reached skill level 5 in Stealth
   875 | D:2      | Found a sparkling altar of Nemelex Xobeh.
   880 | D:2      | Became a worshipper of Nemelex Xobeh the Trickster
   926 | D:2      | Reached skill level 1 in Evocations
  1156 | D:2      | Found an ornate altar of the Wu Jian Council.
  1247 | D:1      | You fall into a shaft and drop 1 floor!
  1547 | D:1      | Reached XP level 4. HP: 37/39 MP: 4/4
  2032 | D:2      | Reached * piety under Nemelex Xobeh
  2120 | D:2      | Received a gift from Nemelex Xobeh
  2158 | D:2      | Reached skill level 1 in Unarmed Combat
  2203 | D:2      | Found a shimmering blue altar of Sif Muna.
  2293 | D:2      | Reached skill level 1 in Invocations
  2990 | D:3      | Noticed a moth of wrath
  2993 | D:3      | Found a bloodstained altar of Trog.
  3361 | D:4      | Reached XP level 5. HP: 27/46 MP: 5/5
  3371 | D:4      | Killed a necrophage
  3371 | D:4      | Reached skill level 3 in Axes
  3655 | D:4      | Noticed Grinder
  3662 | D:4      | Killed Grinder
  3662 | D:4      | Reached skill level 1 in Throwing
  3662 | D:4      | Reached XP level 6. HP: 52/52 MP: 7/7
  3667 | D:4      | Reached ** piety under Nemelex Xobeh
  3756 | D:4      | Found an opulent altar of Gozag.
  3759 | D:4      | Found a burning altar of Makhleb.
  3762 | D:4      | Found a glowing silver altar of Zin.
  3856 | D:4      | Found a runed translucent gate.
  3857 | D:4      | Found a runed translucent gate.
  3858 | D:4      | Found a runed translucent gate.
  3859 | D:4      | Noticed Alkarl's ghost (amateur MfFi)
  3860 | D:4      | Noticed pigah's ghost (amateur DrWn)
  3976 | D:5      | Found Qozell's Elemental Accessories.
  4219 | D:5      | Your scales start taking on a fiery red colour.
  4219 | D:5      | Reached XP level 7. HP: 56/58 MP: 8/8
  4219 | D:5      | Gained mutation: Your flesh is heat resistant. (rF+) [Red
                  | Draconian growth]
  4364 | D:5      | Reached skill level 4 in Axes
  5017 | D:5      | Found a broken altar of Ashenzari.
  5025 | D:5      | Noticed Menkaure
  5032 | D:5      | Killed Menkaure
  5060 | D:5      | Received a gift from Nemelex Xobeh
  5706 | D:6      | Reached XP level 8. HP: 49/67 MP: 10/10
  5983 | D:6      | Found a runed translucent door.
  5984 | D:6      | Noticed Crazy Yiuf
  6450 | D:6      | Reached *** piety under Nemelex Xobeh
  6450 | D:6      | Received a gift from Nemelex Xobeh
  6510 | D:6      | Killed Crazy Yiuf
  6672 | D:4      | Killed Alkarl's ghost
  6672 | D:4      | Reached skill level 5 in Axes
  6688 | D:4      | Killed pigah's ghost
  6839 | D:4      | Learned a level 1 spell: Summon Small Mammal
  6964 | D:7      | Reached skill level 5 in Fighting
  6964 | D:7      | Reached skill level 1 in Spellcasting
  6964 | D:7      | Reached skill level 1 in Summonings
  6964 | D:7      | HP: 3/68 [frilled lizard (2)]
  6988 | D:7      | Noticed Pikel
  6992 | D:7      | Found a shimmering altar of Xom.
  7005 | D:7      | Killed Pikel
  7005 | D:7      | Reached skill level 6 in Axes
  7005 | D:7      | Reached XP level 9. HP: 18/74 MP: 12/12
  7132 | D:7      | Noticed Joseph
  7307 | D:7      | Slain by Joseph

Illustrated notes

Levels and vault maps discovered:
D:1:      lemuel_arrival_tunnels, layout_rooms, minmay_bisected
D:2:      layout_loops_corners, lemuel_coloured_pillars_altar, led_sif_pool,
          nemelex_diamond_rough_becter
D:3:      layout_basic, tgw_trog, lemuel_round_altar, minmay_starry_boxes
D:4:      layout_rooms, grunt_temple_overflow_diamond, gammafunk_ghost_cemetery,
          uniq_grinder
D:5:      old_forge, layout_basic, lemuel_doored_altar, nicolae_elemental_shop,
          uniq_menkaure
D:6:      layout_gridville, hex_tiny, uniq_crazy_yiuf_cottage
D:7:      layout_cave_pools, minmay_temple_entry_offerings, basic_altar,
          minmay_misc_feat_doors, amethyst_killhole, uniq_joseph, uniq_pikel

Skill      XL: |  1  2  3  4  5  6  7  8  9 |
---------------+----------------------------+-----
Stealth        | 5 |  5.9
Evocations     | 1 2 3 |  3.6
Dodging        | 2 4 |  4.6
Unarmed Combat | 1 2 3 |  3.5
Invocations    | 1 2 3 4 |  4.2
Axes           | 3 4 6 |  6.3
Throwing       | 1 2 |  2.7
Fighting       | 4 5 |  5.4
Spellcasting   | 2 |  2.3
Summonings     | 1 2 |  2.3

Action                   |  1- 3 |  4- 6 |  7- 9 || total
-------------------------+-------+-------+-------++-------
Melee: Hand axe          |    90 |    85 |   204 ||   379
       Tailslap          |    11 |    14 |    24 ||    49
       Punch             |       |       |     1 ||     1
Invok: Draw Destruction  |       |     3 |     8 ||    11
       Draw Summoning    |       |     1 |     1 ||     2
       Triple Draw       |       |       |     1 ||     1
 Abil: Breathe Fire      |       |       |    16 ||    16
Evoke: Wand              |     5 |     1 |     3 ||     9
  Use: Scroll            |     2 |       |     2 ||     4
       Potion            |     1 |       |     8 ||     9
 Stab: Sleeping          |     7 |     9 |       ||    16
Armor: Skin              |    21 |    36 |   127 ||   184
Dodge: Dodged            |    87 |    53 |   204 ||   344

Table legend: (Time is in decaauts)
 A = Elapsed time spent in this place.
 B = Non-inter-level travel time spent in this place.
 C = Inter-level travel time spent in this place.
 D = Time resting spent in this place.
 E = Time spent auto-exploring this place.
 F = Levels seen in this place.
 G = Mean time per level.
                   A        B        C        D        E       F      G
               +--------+--------+--------+--------+--------+-----+--------+
         Total |   7336 |   7092 |    244 |      0 |   5469 |   7 | 1048.0 |
       Dungeon |   7336 |   7092 |    244 |      0 |   5469 |   7 | 1048.0 |
               +--------+--------+--------+--------+--------+-----+--------+

Top non-repeatable levels by time:
     D:5: 1605 daAuts
     D:3: 1428 daAuts
     D:2: 1140 daAuts
     D:6: 1061 daAuts
     D:4: 980 daAuts
     D:1: 705 daAuts
     D:7: 413 daAuts
